 Dungeon Crawl Stone Soup version 0.24-a0-447-ge8da9206dc (webtiles) character file.

Game seed: 5624728799987487033

16 ivs the Sneak (level 2, 0/13 HPs)
             Began as a Vine Stalker Enchanter on June 25, 2019.
             Slain by a bat (1 damage)
             ... on level 3 of the Dungeon.
             The game lasted 00:04:13 (358 turns).

ivs the Sneak (Vine Stalker Enchanter)               Turns: 358, Time: 00:04:14

Health: 0/13       AC:  2    Str: 10    XL:     2   Next: 54%
Magic:  0/6        EV: 12    Int: 15    God:
Gold:   40         SH:  0    Dex: 14    Spells: 2/5 levels left

rFire    . . .     SeeInvis .   a - +1 dagger
rCold    . . .     Gourm    .   (no shield)
rNeg     . . .     Faith    .   b - +0 robe
rPois    .         Spirit   +   (no helmet)
rElec    .         Reflect  .   (no cloak)
rCorr    .         Harm     .   (no gloves)
MR       .....                  (no boots)
Stlth    ++........             (no amulet)
HPRegen  0.04/turn              (no ring)
MPRegen  0.10/turn              (no ring)

@: no status effects
A: fangs 2, magic shield, antimagic bite, no potion heal 3, rot immunity
a: no special abilities


You were on level 3 of the Dungeon.
You were not hungry.

You visited 1 branch of the dungeon, and saw 3 of its levels.

You collected 40 gold pieces.

Inventory:

Hand Weapons
 a - a +1 dagger (weapon)
Armour
 b - a +0 robe (worn)
Potions
 c - a potion of invisibility {unknown}
Comestibles
 d - 2 rations


   Skills:
 - Level 1.8 Short Blades
 - Level 1.5 Dodging
 - Level 3.6 Stealth
 - Level 2.1 Spellcasting
 - Level 3.0 Hexes
 + Level 1.1 Ice Magic


You had 2 spell levels left.
You knew the following spells:

 Your Spells              Type           Power        Failure   Level  Hunger
a - Corona                Hex            ##.....      6%          1    #......
h - Ensorcelled Hibernat  Hex/Ice        #.....       14%         2    ###....

Your spell library contained the following spells:

 Spells                   Type           Power        Failure   Level  Hunger
 Confuse                  Hex            ##......     19%         3    ###....
 Tukima's Dance           Hex            ##......     19%         3    ###....
 Dazzling Spray           Conj/Hex       #.....       34%         3    ###....


Dungeon Overview and Level Annotations

Branches:
Dungeon (3/15)

Altars:
Elyvilon
Hepliaklqana
Kikubaaqudgha
Makhleb


Innate Abilities, Weirdness & Mutations

You have extremely sharp teeth.
When hurt, damage is shared between your health and your magic reserves.
Your bite disrupts and absorbs the magic of your enemies.
Potions cannot restore your health.
You are immune to rotting.


Message History

The dart slug launches a dart at you. The slug dart hits you.
There is a stone staircase leading down here.
The hobgoblin closely misses you.
You climb downwards.
A bat comes into view.
Found three items.
Found four altars.
There is a stone staircase leading up here.
Found a scroll labeled OTEIH LISTE.
You see here a scroll labeled ECIS PAEGOMO.
Casting: Ensorcelled Hibernation (safe; 14% risk of failure)
Confirm with . or Enter, or press ? or * to list all spells.
Aiming: Ensorcelled Hibernation (safe; 14% risk of failure)
Press: ? - help, Shift-Dir - straight line, f - hobgoblin
Aim: a hobgoblin, wielding a +0 club (chance to defeat MR: 56%)
The hobgoblin resists with significant effort.
The bat hits you. The hobgoblin hits you with a +0 club.
* * * LOW HITPOINT WARNING * * *
The bat hits you.
You die...

## # .###
≈≈## ..#
≈≈≈≈###.#
#≈≈≈≈#@#
#≈...b#
####?g#
##?# #.#
#.#
#######.###
#.....<...#
#.........#


You could see a hobgoblin and a bat.

Vanquished Creatures
  2 bats (D:1)
  A giant cockroach (D:2)
  A goblin (D:2)
  3 hobgoblins
  A quokka (D:2)
  3 frilled lizards
  4 rats
15 creatures vanquished.

Notes
Turn   | Place    | Note
-------+----------+-------------------------------------------
     0 | D:1      | ivs the Vine Stalker Enchanter began the quest for the Orb.
     0 | D:1      | Reached XP level 1. HP: 9/9 MP: 4/4
    39 | D:1      | Reached skill level 1 in Short Blades
   200 | D:1      | Reached XP level 2. HP: 7/13 MP: 4/6
   207 | D:1      | Learned a level 2 spell: Ensorcelled Hibernation
   337 | D:2      | Reached skill level 1 in Ice Magic
   350 | D:3      | Found a white marble altar of Elyvilon.
   350 | D:3      | Found a burning altar of Makhleb.
   350 | D:3      | Found an ancient bone altar of Kikubaaqudgha.
   350 | D:3      | Found a hazy altar of Hepliaklqana.
   358 | D:3      | Slain by a bat

Levels and vault maps discovered:
D:1:      onia_arrival_larder, layout_basic, hangedman_glass_garden
D:2:      layout_rooms
D:3:      layout_rooms, grunt_temple_overflow_open, serial_rivers,
          chequers_serial_rivers_micro_e, chequers_serial_rivers_marsh,
          chequers_serial_rivers_large_a, chequers_serial_rivers_large_b,
          chequers_serial_rivers_room_a, chequers_serial_rivers_small_b,
          hellmonk_ghost_happy_afterlife, first_ration, uniq_jessica

Skill      XL: |  1  2 |
---------------+-------+-----
Short Blades   | 1 |  1.8
Ice Magic      | 1 |  1.1
Dodging        | |  1.5
Stealth        | |  3.6
Spellcasting   | |  2.1
Hexes          | |  3.0

Action                   || total
-------------------------++-------
Melee: Dagger            ||    32
       Bite              ||     3
 Cast: Corona            ||     7
       Ensorcelled Hiber ||     8
 Stab: Sleeping          ||     6
Armor: Robe              ||     5
Dodge: Dodged            ||    19

Table legend:
 A = Non-vault XP
 B = Vault XP
 C = Vault XP percentage of total XP
 D = Non-vault monster count
 E = Vault monster count
 F = Vault count percentage of total count
                 A         B        C        D         E       F
            +---------+---------+-------+---------+---------+-------
      Total |      23 |       0 |   0.0 |      15 |       0 |   0.0
            +---------+---------+-------+---------+---------+-------
        D:1 |      13 |       0 |   0.0 |       9 |       0 |   0.0
        D:2 |      10 |       0 |   0.0 |       6 |       0 |   0.0
            +---------+---------+-------+---------+---------+-------
